 Dungeon Crawl Stone Soup version 0.22-a0-815-gb582571 (webtiles) character file.

171 iamserjio the Chiller (level 5, -3/35 HPs)
             Began as a Barachi Ice Elementalist on July 23, 2018.
             Slain by a gnoll
             ... wielding a +0 mace
              (11 damage)
             ... on level 3 of the Dungeon.
             The game lasted 00:08:15 (1375 turns).

iamserjio the Chiller (Barachi Ice Elementalist)    Turns: 1375, Time: 00:08:16

Health: -3/35      AC:  4    Str:  9    XL:     5   Next: 51%
Magic:  4/9        EV: 12    Int: 17    God:
Gold:   94         SH:  0    Dex: 12    Spells: 4/9 levels left

rFire    . . .     SeeInvis .   w - +1 whip (venom)
rCold    . . .     Gourm    .   (no shield)
rNeg     . . .     Faith    .   a - +0 robe
rPois    .         Spirit   .   f - +0 helmet
rElec    .         Reflect  .   g - +0 cloak
rCorr    .         Harm     .   (no gloves)
MR       .....                  (no boots)
Stlth    ++........             (no amulet)
HPRegen  0.11/turn              (no ring)
MPRegen  0.11/turn              (no ring)

@: slow
A: +LOS, swims, slowness 1, strong legs 1
a: Hop


You were on level 3 of the Dungeon.
You were not hungry.

You visited 1 branch of the dungeon, and saw 3 of its levels.

You collected 94 gold pieces.

Inventory:

Hand Weapons
 e - a +0 club
 i - a +0 trident
 k - a +0 short sword
 q - a +0 blowgun
 t - a +0 falchion
 w - a +1 whip of venom (weapon)
Missiles
 h - 8 javelins (quivered)
 p - 37 arrows
 r - 21 poisoned needles
Armour
 a - a +0 robe (worn)
 f - a +0 helmet (worn)
 g - a +0 cloak (worn)
Jewellery
 s - a cursed -3 ring of evasion {unknown}
Wands
 d - a wand of digging (14)
Scrolls
 b - 2 scrolls of noise {unknown}
 j - a scroll of random uselessness {unknown}
 m - a scroll of teleportation {unknown}
 n - a scroll of identify {unknown}
 u - 2 scrolls of amnesia {unknown}
 x - a scroll of remove curse {unknown}
Potions
 l - a potion of curing {@q1}
 o - a potion of cancellation
Comestibles
 c - 8 rations
 v - 3 chunks of flesh


   Skills:
 - Level 2.1 Dodging
 - Level 1.7 Stealth
 + Level 2.9 Spellcasting
   Level 1.1 Conjurations
 * Level 3.0 Summonings
 - Level 6.0 Ice Magic


You had 4 spell levels left.
You knew the following spells:

 Your Spells              Type           Power        Failure   Level  Hunger
a - Freeze                Ice            ###.         1%          1    #......
b - Summon Ice Beast      Ice/Summ       ###.....     26%         4    #####..

Your spell library contained the following spells:

 Spells                   Type           Power        Failure   Level  Hunger
 Throw Frost              Conj/Ice       ##....       6%          2    ##.....
 Ozocubu's Armour         Chrm/Ice       ##......     16%         3    ###....
 Throw Icicle             Conj/Ice       ##......     38%         4    #####..


Dungeon Overview and Level Annotations

Branches:
Dungeon (3/15)

Altars:

Annotations:
D:3 Aviak's ghost, amateur VSFE; GameOver's ghost, amateur NaWz; xccam's ghost, amateur DrTm


Innate Abilities, Weirdness & Mutations

Shadows flee at your approach. (+LOS)
You can swim through water.
You cover ground slowly.
You can hop short distances.


Message History

You freeze the gnoll.
The gnoll resists.
The gnoll is severely wounded.
Casting: Freeze (safe; 1% risk of failure)
Confirm with . or Enter, or press ? or * to list all spells.
Aiming: Freeze (safe; 1% risk of failure)
Press: ? - help, Shift-Dir - straight line, f/p - gnoll
Aim: a gnoll, wielding a mace and wearing a marble ring (severely wounded)
You freeze the gnoll.
The gnoll resists.
The gnoll is severely wounded.
The gnoll hits you with a mace.
* * * LOW HITPOINT WARNING * * *
Casting: Freeze (safe; 1% risk of failure)
Confirm with . or Enter, or press ? or * to list all spells.
Aiming: Freeze (safe; 1% risk of failure)
Press: ? - help, Shift-Dir - straight line, f/p - gnoll
Aim: a gnoll, wielding a mace and wearing a marble ring (severely wounded)
You freeze the gnoll.
The gnoll resists.
The gnoll is almost dead.
The gnoll hits you with a mace!
You die...

#.# #####.......#...... #.#
#...#########.#####
##########.####...# #......
#.........)...#...# #######
..............#)..# #
#.#####....#..#...##########
## #.#
#....................... ..
..# #.#.#....#####.#########
#. ..# #.#.#.####
#@g.....>...# ## .## #
#.#.### #.(.(.......# .
#.....# #...........# .
###.#.# #...........# ### .
.#.....####..[........# #..
..
#.#.#.............(..####.#
##.#
#.#.#.####...........#.....
...#### #.#.#
#...........#..... ......
#.#.# #...........#..†..


You could see a gnoll.

Vanquished Creatures
  Ijyb (D:3)
  3 gnolls
  4 adders
  5 worms
  3 dart slugs (D:1)
  3 leopard geckos (D:3)
  2 orcs (D:3)
  A giant cockroach (D:1)
  8 goblins
  6 hobgoblins (D:1)
  4 jackals (D:1)
  A quokka (D:2)
  3 ball pythons
  3 bats
  A frilled lizard (D:1)
  8 kobolds
  5 rats
61 creatures vanquished.

Vanquished Creatures (others)
  2 withered plants (D:3)
2 creatures vanquished.

Grand Total: 63 creatures vanquished

Notes
Turn   | Place    | Note
-------+----------+-------------------------------------------
     0 | D:1      | iamserjio the Barachi Ice Elementalist began the quest for the Orb.
     0 | D:1      | Reached XP level 1. HP: 13/13 MP: 3/3
   105 | D:1      | Reached skill level 4 in Ice Magic
   143 | D:1      | Reached XP level 2. HP: 18/19 MP: 1/5
   290 | D:1      | Reached skill level 5 in Ice Magic
   290 | D:1      | Reached XP level 3. HP: 16/24 MP: 0/6
   636 | D:2      | Reached XP level 4. HP: 22/30 MP: 0/7
   642 | D:2      | Learned a level 4 spell: Summon Ice Beast
   791 | D:3      | Reached skill level 6 in Ice Magic
   795 | D:3      | Noticed Ijyb
   813 | D:3      | Killed Ijyb
   813 | D:3      | Reached skill level 1 in Summonings
   889 | D:3      | Reached XP level 5. HP: 26/35 MP: 2/8
  1103 | D:3      | Found a runed gate.
  1109 | D:3      | Found a runed gate.
  1109 | D:3      | Found a runed gate.
  1110 | D:3      | Noticed GameOver's ghost (amateur NaWz)
  1110 | D:3      | Noticed Aviak's ghost (amateur VSFE)
  1110 | D:3      | Noticed xccam's ghost (amateur DrTm)
  1375 | D:3      | Slain by a gnoll

Vault maps used:
D:1:      grunt_arrival_lava_bath, serial_forest, infiniplex_forest_lined_2,
          infiniplex_forest_lined_ring, infiniplex_forest_zigzag_2,
          infiniplex_forest_clump_tiny, infiniplex_forest_clump_long,
          infiniplex_forest_side_room
D:2:      first_ration
D:3:      gammafunk_ghost_cemetery, uniq_ijyb

Skill      XL: |  1  2  3  4  5 |
---------------+----------------+-----
Ice Magic      | 4 5 6 |  6.0
Summonings     | 2 3 |  3.0
Dodging        | |  2.1
Stealth        | |  1.7
Spellcasting   | |  2.9
Conjurations   | |  1.1

Action                   |  1- 3 |  4- 6 || total
-------------------------+-------+-------++-------
Melee: Club              |    33 |       ||    33
       Short sword       |     1 |    24 ||    25
       Trident           |       |     5 ||     5
       Whip              |       |     1 ||     1
 Cast: Freeze            |    51 |    47 ||    98
  Use: Potion            |       |     4 ||     4
 Stab: Sleeping          |       |     2 ||     2
  Eat: Chunk             |       |     3 ||     3
Armor: Robe              |    19 |    13 ||    32
Dodge: Dodged            |    52 |    40 ||    92

Table legend:
 A = Spawn XP
 B = Non-spawn XP
 C = Spawn XP percentage of total XP
 D = Spawn monster count
 E = Non-spawn monster count
 F = Spawn count percentage of total count
 G = Total turns spent on level
                    A         B        C        D         E        F      G
               +---------+---------+-------+---------+---------+-------+---------
         Total |       0 |     245 |   0.0 |       0 |      61 |   0.0 |  1375
               +---------+---------+-------+---------+---------+-------+---------
           D:1 |       0 |      53 |   0.0 |       0 |      28 |   0.0 |   421
           D:2 |       0 |      46 |   0.0 |       0 |      11 |   0.0 |   319
           D:3 |       0 |     146 |   0.0 |       0 |      22 |   0.0 |   635
               +---------+---------+-------+---------+---------+-------+---------
